 Dungeon Crawl Stone Soup version 0.30.1 (webtiles) character file.

Game seed: 17939368294193891990

2452 Ijustatesigmund the Fighter (level 9, -3/59 (67) HPs)
             Began as an Octopode Artificer on July 13, 2023.
             Was a Follower of Cheibriados.
             Slain by a wight
             ... wielding a +0 halberd
              (5 damage)
             ... on level 6 of the Dungeon.
             The game lasted 00:20:42 (8448 turns).

Ijustatesigmund the Fighter (Octopode Artificer)    Turns: 8448, Time: 00:20:42

HP:   -3/59 (67)    AC:  1    Str: 14    XL:     9   Next: 50%
MP:   13/13         EV: 14    Int: 21    God:    Cheibriados [*.....]
Gold: 375           SH:  0    Dex: 15    Spells: 10/14 levels left

rFire   . . .        a - +3 short sword (venom)
rCold   . . .        (no shield)
rNeg    . . .        (helmet restricted)
rPois   .            m - amulet of the acrobat
rElec   .            p - ring of willpower
rCorr   +            d - ring of resist corrosion
SInv    .            (no ring)
Will    +....        (no ring)
Stlth   +++          (no ring)
HPRegen 0.29/turn    (no ring)
MPRegen 0.13/turn    (no ring)
                     (no ring)

%: acrobat
@: heavily drained, very slow
A: almost no armour, amphibious, 8 rings, camouflage 1, gelatinous body 1,
(nimble swimmer 1), tentacles
a: Renounce Religion, Bend Time


You were on level 6 of the Dungeon.
You worshipped Cheibriados.
Cheibriados was aware of your devotion.
You visited 1 branch of the dungeon, and saw 7 of its levels.

You collected 375 gold pieces.

Inventory:

Hand Weapons
 a - a +3 short sword of venom (weapon)
 i - a +2 quarterstaff of chaos
 y - a +3 great sword
 z - a +0 broad axe
Missiles
 o - 4 throwing nets
Magical Staves
 h - a staff of death
Jewellery
 d - a ring of resist corrosion (right tentacle)
 g - an amulet of magic regeneration
 m - an amulet of the acrobat (around mantle)
 p - a ring of willpower (left tentacle)
Wands
 b - a wand of flame (7) (quivered)
 c - a wand of charming (19)
 x - a wand of digging (12)
Scrolls
 e - 3 scrolls of teleportation
 k - 2 scrolls of amnesia
 l - a scroll of blinking
 A - a scroll of identify
 C - 2 scrolls of enchant armour
Potions
 f - 3 potions of attraction
 j - a potion of cancellation
 n - a potion of brilliance
 q - a potion of might {unknown}
 r - 2 potions of curing
 s - 2 potions of lignification {unknown}
 t - a potion of invisibility {unknown}
 u - 2 potions of degeneration {unknown}
 v - 2 potions of magic {unknown}
 w - 2 potions of ambrosia {unknown}
 B - a potion of mutation {unknown}


   Skills:
 - Level 8.5 Fighting
 - Level 2.3 Short Blades
 - Level 4.3 Dodging
 - Level 1.3 Stealth
 - Level 3.0 Spellcasting
 + Level 0.5 Conjurations
 + Level 0.6 Fire Magic
 + Level 5.7 Invocations
 - Level 5.7 Evocations


You had 10 spell levels left.
You knew the following spells:

 Your Spells              Type           Power      Damage    Failure   Level
a - Sticky Flame          Conj/Fire      5%         2d3       71%         4

Your spell library contained the following spells:

 Spells                   Type           Power      Damage    Failure   Level
 Ignite Poison            Fire/Tmut/Pois 4%         N/A       36%         3
 Simulacrum               Ice/Necr       1%         N/A       100%        6
 Ozocubu's Refrigeration  Ice            1%         4d7       100%        7
 Ignition                 Fire           2%         3d3       100%        8
 Polar Vortex             Ice            1%         N/A       100%        9


Dungeon Overview and Level Annotations

Branches:
Dungeon (7/15)             Temple (0/1) D:6

Altars:
Cheibriados
Dithmenos
Elyvilon
Gozag
Sif Muna

Shops:
D:1 :   D:7 [*[[[


Innate Abilities, Weirdness & Mutations

You cannot wear most types of armour.
You are amphibious.
You can wear up to eight rings at the same time.
Your skin changes colour to match your surroundings (Stealth+).
Your rubbery body absorbs attacks. (AC +1, EV +1)
((You are camouflaged when in or above water. (Stealth+)))
You have tentacles for arms and can constrict up to eight enemies at once.


Message History

The wight is lightly damaged.
The wight attacks as you move away! The wight closely misses you.
The wight completely misses you. x2
The wight barely misses you. The wight misses you.
Things that are here:
a +3 short sword; 3 poisoned darts; a +0 robe You see here a +0 club.
There is a stone staircase leading up here.
The wight misses you.
The wight hits you from afar with a +5 spear!
You feel drained.
There is a stone staircase leading up here.
The wight hits you from afar with a +5 spear!
You feel drained.
You climb upwards.
There is a stone staircase leading down here.
You hit the wight. You grab the wight.
The wight is lightly damaged.
You constrict the wight, but do no damage.
The wight hits you with a +0 halberd!
You feel drained.
You are too injured to fight recklessly!
You are too injured to fight recklessly!
You are too injured to fight recklessly!
You are too injured to fight recklessly!
You hit the wight.
The wight is heavily damaged.
You constrict the wight, but do no damage.
The wight closely misses you.
You hit the wight but do no damage.
The wight is heavily damaged.
You constrict the wight. The wight hits you with a +0 halberd!
* * * LOW HITPOINT WARNING * * *
Okay, then.
You hit the wight.
The wight is severely damaged.
You constrict the wight. The wight hits you with a +0 halberd!
* * * LOW HITPOINT WARNING * * *
You feel drained.
You die...

#......'.......#....#
#############..##....+
#...........#####....#
#...........+...#...†#
#...........#...#....#
#...........##'##....#
#...............#.....
##'##...........#.....
#..#@..........######
#..#.z...............
#..####'#######......
#.............'......
#..##.........#......
#..##.....#####......
#...#.....#..........
#...'.....#..........
##'########....##'###


You could see a wight.

Vanquished Creatures
  Maggie (D:7)
  Sigmund (D:6)
  Menkaure (D:6)
  A water moccasin (D:5)
  A black bear (D:5)
  An ogre (D:6)
  A centaur (D:7)
  3 bullfrogs (D:7)
  3 scorpions
  A wight (D:7)
  4 hounds
  5 orc priests
  A gnoll bouda (D:5)
  A jelly (D:5)
  6 orc wizards
  3 sleepcaps
  6 iguanas
  Crazy Yiuf (D:3)
  Natasha (thrice) (D:3)
  A mummy (D:4)
  Robin (D:3)
  6 gnolls
  4 adders
  A shadow imp (D:6)
  3 white imps
  3 ufetubi
  A worm (D:2)
  2 dart slugs
  21 orcs
  12 ball pythons
  11 endoplasms
  2 giant cockroaches
  11 goblins
  11 hobgoblins
  7 jackals
  4 quokkas
  A bat (D:2)
  6 frilled lizards
  8 kobolds
  A kobold zombie (D:4)
  3 orc zombies (D:4)
  7 rats
171 creatures vanquished.

Vanquished Creatures (collateral kills)
  An orc priest (D:7)
  2 white imps (D:7)
  3 orcs
6 creatures vanquished.

Vanquished Creatures (others)
  A sky beast (D:6)
  A sleepcap (D:6)
  An orc wizard (D:6)
3 creatures vanquished.

Grand Total: 180 creatures vanquished

Notes
Turn   | Place    | Note
-------+----------+-------------------------------------------
     0 | D:1      | Ijustatesigmund the Octopode Artificer began the quest for
                  | the Orb.
     0 | D:1      | Reached XP level 1. HP: 13/13 MP: 1/1
   207 | D:1      | Found Jopeat's Book Emporium.
   227 | D:1      | Reached skill level 2 in Fighting
   227 | D:1      | Reached XP level 2. HP: 10/19 MP: 2/2
   791 | D:1      | Reached XP level 3. HP: 20/25 MP: 3/3
  1015 | D:1      | Reached skill level 3 in Fighting
  1395 | D:2      | Reached XP level 4. HP: 19/33 MP: 4/4
  1807 | D:2      | Reached skill level 4 in Fighting
  1861 | D:2      | Found a faded altar of an unknown god.
  2164 | D:3      | Reached XP level 5. HP: 38/38 MP: 5/5
  2218 | D:3      | Found a shimmering blue altar of Sif Muna.
  2236 | D:3      | Noticed Robin
  2251 | D:3      | Killed Robin
  2252 | D:3      | Reached skill level 5 in Fighting
  2562 | D:3      | Reached XP level 6. HP: 29/46 MP: 6/6
  2836 | D:3      | Noticed Natasha
  2842 | D:3      | Killed Natasha
  2843 | D:3      | Reached skill level 6 in Fighting
  3059 | D:3      | Noticed Natasha
  3066 | D:3      | Killed Natasha
  3273 | D:3      | Found a runed translucent door.
  3277 | D:3      | Noticed Crazy Yiuf
  3283 | D:3      | Killed Crazy Yiuf
  3311 | D:3      | Noticed Natasha
  3317 | D:3      | Killed Natasha
  3624 | D:4      | Reached skill level 1 in Spellcasting
  3648 | D:4      | HP: 2/46 [orc/+0 flail (6)]
  4143 | D:4      | Reached XP level 7. HP: 52/52 MP: 8/8
  4430 | D:5      | Entered Level 5 of the Dungeon
  4875 | D:5      | Reached skill level 5 in Evocations
  4875 | D:5      | Reached XP level 8. HP: 33/57 MP: 12/12
  5405 | D:5      | Reached skill level 1 in Short Blades
  6005 | D:6      | Found a white marble altar of Elyvilon.
  6228 | D:6      | Found an opulent altar of Gozag.
  6252 | D:6      | Found a snail-covered altar of Cheibriados.
  6253 | D:6      | Found a shadowy altar of Dithmenos.
  6256 | D:6      | Became a worshipper of Cheibriados the Contemplative
  6300 | D:6      | Noticed Menkaure
  6304 | D:6      | Killed Menkaure
  6305 | D:6      | Reached skill level 1 in Invocations
  6556 | D:6      | Reached skill level 7 in Fighting
  7256 | D:6      | Reached XP level 9. HP: 64/64 MP: 13/13
  7301 | D:6      | Noticed Sigmund
  7309 | D:6      | Killed Sigmund
  7309 | D:6      | Reached * piety under Cheibriados
  7600 | D:6      | Found a staircase to the Ecumenical Temple.
  7689 | D:7      | Noticed Maggie
  7709 | D:7      | Reached skill level 8 in Fighting
  7827 | D:7      | Found Falul's Antique Armour Emporium.
  7827 | D:7      | Found Wyushra's Antique Armour Shop.
  7831 | D:7      | Found Golyadas's Armour Shoppe.
  8000 | D:7      | Found Poock's Antique Armour Shop.
  8012 | D:7      | Killed Maggie
  8013 | D:7      | Reached skill level 5 in Invocations
  8191 | D:7      | Learned a level 4 spell: Sticky Flame
  8421 | D:7      | Found Xuyck's General Store.
  8448 | D:6      | HP: 2/61 [wight/+0 halberd (15)]
  8448 | D:6      | Slain by a wight

Illustrated notes

Levels and vault maps discovered:
D:1:      mrwooster_arrival_statue, layout_basic, serial_shops, shop
D:2:      layout_basic, nicolae_ecumenical_pavilion
D:3:      layout_loops_ring, overflow_temple_1_default, hellmonk_no_cap,
          uniq_crazy_yiuf_cottage, uniq_natasha, uniq_robin
D:4:      layout_rooms, minmay_mini_ossuary
D:5:      layout_basic, eino_small_chamber_without_monster, grunt_ministairs_3
D:6:      layout_gridville, lemuel_round_altar,
          mainiacjoe_overflow_divided_tiny, mainiacjoe_overflow_cross_hatched,
          temple_hall, uniq_sigmund, uniq_menkaure
D:7:      layout_rooms, serial_shops, shop, shop, shop, shop, shop,
          nicolae_water_bricks, uniq_maggie

Skill      XL: |  1  2  3  4  5  6  7  8  9 |
---------------+----------------------------+-----
Fighting       | 2 3 4 5 6 7 8 |  8.5
Spellcasting   | 1 3 |  3.0
Dodging        | 3 4 |  4.3
Evocations     | 5 |  5.7
Short Blades   | 2 |  2.3
Invocations    | 3 5 |  5.7
Stealth        | |  1.3
Conjurations   | |  0.5
Fire Magic     | |  0.6

Action                     |  1- 3 |  4- 6 |  7- 9 || total
---------------------------+-------+-------+-------++-------
  Melee: Club              |    26 |       |       ||    26
         Tentacles         |    14 |    26 |    54 ||    94
         Constrict         |    16 |    34 |    47 ||    97
         Hand axe          |    50 |    25 |       ||    75
         Short sword       |       |   106 |   196 ||   302
         Punch             |       |     2 |     5 ||     7
  Evoke: Wand              |     3 |     6 |    21 ||    30
    Use: Scroll            |     1 |    13 |     6 ||    20
         Potion            |       |     3 |     9 ||    12
   Stab: Sleeping          |     7 |     9 |     3 ||    19
         Distracted        |       |     1 |     2 ||     3
 Armour: Skin              |     2 |     9 |     9 ||    20
  Dodge: Dodged            |    51 |    72 |   157 ||   280
